Map: Cyber Forest LE

Players

Neuro - Winner!

  • Race: Zerg Zerg
  • League: Master
  • Spawn Location: 5:00

Larry

  • Race: Protoss Protoss
  • League: Master
  • Spawn Location: 11:00

VOD

Have the link to the VOD?

Description

Time

  • Played on: Jan. 23, 2019, 3:47 p.m.
  • Length: 8:07
Show
View Real Time Build Order
Export as new Build Order

Neuro Zerg - Winner!

Build Orders: Hatch First 

Get SALT Encoding   

  12  0:01  Drone  
  13  0:13  Overlord  
  13  0:18  Drone  
  14  0:32  Drone x2  
  16  0:50  Hatchery  
  16  0:53  Drone  
  16  0:56  Drone  
  17  1:01  Drone  
  18  1:11  Extractor  
  17  1:18  Spawning Pool  
  16  1:21  Drone  
  16  1:24  Drone  
  18  1:32  Drone  
  19  1:43  Drone  
  20  1:53  Overlord  
  20  2:04  Queen  
  20  2:05  Queen  
  20  2:06  Zergling x4  
  26  2:13  Metabolic Boost  
  26  2:16  Drone  
  26  2:17  Drone  
  28  2:25  Drone x2  
  30  2:34  Drone  
  31  2:47  Hatchery  
  30  2:52  Drone x3  
  30  2:57  Overlord  
  33  3:03  Queen  
  35  3:08  Drone  
  36  3:18  Drone x6  
  42  3:24  Drone  
  43  3:34  Roach Warren  
  42  3:35  Lair  
  42  3:39  Overlord  
  42  3:45  Zergling x2  
  42  3:46  Zergling x2  
  44  3:48  Overlord  
  44  3:52  Overlord  
  44  3:54  Extractor  
  43  4:02  Overlord  
  43  4:03  Drone x4  
  47  4:15  Drone x6  
  53  4:22  Extractor  
  53  4:24  Roach x4  
  60  4:27  Overlord  
  59  4:31  Drone  
  59  4:35  Glial Reconstitution  
  59  4:37  Overlord x2  
  60  4:42  Evolution Chamber  
  59  4:47  Drone  
  59  4:48  Drone x4  
  64  4:56  Drone x5  
  69  5:06  Overlord  
  69  5:08  Zerg Missile Weapons Level 1  
  69  5:09  Roach x3  
  69  5:12  Extractor  
  74  5:14  Drone x2  
  74  5:15  Extractor  
  74  5:19  Roach x2  
  79  5:21  Overlord  
  79  5:22  Drone  
  79  5:24  Drone  
  79  5:25  Drone  
  79  5:28  Drone  
  83  5:31  Drone  
  83  5:32  Drone x2  
  86  5:38  Drone  
  86  5:39  Drone x3  
  86  5:41  Drone  
  91  5:44  Drone x4  
  95  5:51  Ravager  
  95  5:52  Ravager  
  95  5:53  Roach  
  95  5:54  Roach  
  101  5:58  Roach  
  101  5:59  Roach  
  101  6:01  Roach  
  107  6:05  Hatchery  
  108  6:11  Roach x5  
  108  6:12  Roach  
  108  6:16  Roach  
  108  6:18  Overlord x2  
  120  6:21  Overseer  
  120  6:26  Overlord  
  120  6:27  Overlord  
  120  6:30  Overseer  
  120  6:34  Extractor  
  120  6:37  Roach x8  
  135  6:42  Roach  
  135  6:45  Overlord x2  
  135  6:46  Overlord x2  
  137  6:48  Roach  
  139  6:57  Roach  
  139  6:58  Roach x2  
  145  7:04  Roach x3  
  145  7:05  Roach x3  
  157  7:09  Ravager x5  
  157  7:11  Zergling x8  
  157  7:14  Queen  
  168  7:29  Roach  
  166  7:30  Roach x8  
  174  7:41  Roach x7  
Show
View Real Time Build Order
Export as new Build Order

Larry Protoss 

Build Orders: 1 Gate Expand, Archon Immortal 

Get SALT Encoding   

  12  0:01  Probe  
  13  0:13  Probe  
  14  0:18  Pylon  
  14  0:25  Probe  
  15  0:33  Probe  
  15  0:38  Gateway  
  15  0:41  Probe  
  16  0:48  Assimilator  
  17  0:52  Probe  
  18  1:04  Probe  
  19  1:20  Nexus  
  19  1:29  Cybernetics Core  
  19  1:31  Probe  
  20  1:38  Warp Gate  
  20  1:43  Pylon, Probe  
  21  1:55  Probe  
  22  2:05  Adept  
  22  2:07  Probe  
  25  2:19  Probe  
  26  2:25  Gateway  
  26  2:27  Gateway  
  26  2:32  Probe x2  
  26  2:35  Adept  
  30  2:44  Probe x2  
  32  2:56  Probe  
  33  3:01  Nexus  
  33  3:03  Probe  
  34  3:08  Probe  
  34  3:11  Pylon  
  35  3:17  Probe  
  36  3:20  Probe  
  36  3:22  Assimilator  
  37  3:27  Adept x2  
  37  3:32  Adept  
  43  3:36  Probe  
  44  3:42  Shield Battery  
  44  3:46  Probe  
  45  3:49  Probe  
  46  3:56  Shield Battery  
  46  3:58  Probe  
  46  4:01  Probe  
  48  4:10  Probe  
  48  4:12  Probe  
  48  4:13  Probe  
  48  4:14  Twilight Council  
  48  4:15  Assimilator  
  51  4:18  Probe  
  51  4:20  Probe  
  51  4:21  Probe  
  52  4:26  Probe, Assimilator  
  52  4:29  Probe  
  52  4:30  Probe  
  55  4:31  Charge  
  55  4:32  Robotics Facility  
  55  4:33  Robotics Facility  
  55  4:36  Probe  
  58  4:41  Probe  
  58  4:42  Probe  
  60  4:49  Probe  
  60  4:50  Forge  
  60  4:51  Pylon  
  61  4:53  Probe  
  61  4:55  Probe  
  63  5:00  Shield Battery  
  63  5:01  Probe  
  63  5:02  Pylon  
  63  5:04  Zealot  
  66  5:07  Probe x2  
  66  5:09  Immortal  
  66  5:12  Pylon  
  66  5:13  Immortal  
  68  5:15  Probe  
  73  5:24  Protoss Ground Weapons Level 1  
  73  5:26  Probe  
  73  5:28  Probe  
  79  5:33  Probe  
  80  5:36  Pylon  
  80  5:39  Probe  
  80  5:40  Probe  
  82  5:45  Immortal  
  82  5:48  Immortal  
  90  6:04  Gateway  
  90  6:05  Gateway  
  90  6:07  Gateway  
  90  6:09  Gateway  
  90  6:10  Gateway  
  90  6:13  Templar Archives  
  90  6:14  Warp Prism  
  90  6:15  Gateway  
  90  6:18  Gateway  
  92  6:28  Observer  
  92  6:31  Pylon  
  92  6:32  Pylon  
  93  6:38  Zealot x3  
  99  6:46  Gateway  
  99  6:48  Gateway  
  99  7:02  Zealot x5  
  99  7:03  Pylon  
  108  7:09  High Templar x2  
  108  7:14  Archon  
  112  7:16  High Templar x2  
  112  7:19  Pylon  
  112  7:22  Pylon  
  116  7:23  Pylon  
  116  7:26  Pylon  
  102  7:35  Zealot x2  
  102  7:36  Zealot  
  104  7:37  Zealot x3  
  104  7:40  Zealot x2  
  100  7:46  Zealot x3  
  100  7:47  Zealot  
  90  7:53  Archon  
  90  7:55  Zealot x2  
  82  8:01  Zealot x5  
Tags
 
Add a new tag
Caveats
  • Supply blocks, unpowered buildings, or Contaminate may cause inaccurate times.
  • Supply counts are checked every 10 seconds.